 Dungeon Crawl Stone Soup version 0.26.1-11-gd32895ea62 (webtiles) character file.

Game seed: 6232274958486477230

3682 raph the Spear-Bearer (level 9, -9/111 HPs)
             Began as a Minotaur Fighter on Apr 25, 2021.
             Was a High Priest of Fedhas.
             Mangled by a two-headed ogre
             ... wielding a +0 giant spiked club
              (14 damage)
             ... on level 8 of the Dungeon.
             The game lasted 00:12:22 (8753 turns).

raph the Spear-Bearer (Minotaur Fighter)            Turns: 8753, Time: 00:12:23

Health: -9/111     AC: 14    Str: 20 (21) XL:     9   Next: 90%
Magic:  10/11      EV:  5    Int:  3 (5)  God:    Fedhas [*****.]
Gold:   382        SH:  9    Dex: 12 (13) Spells: 8/8 levels left

rFire    . . .     SeeInvis .   v - +2 trident (vorpal)
rCold    . . .     Faith    +   c - +0 kite shield
rNeg     . . .     Spirit   .   h - +0 plate armour
rPois    .         Reflect  .   (helmet restricted)
rElec    .         Harm     .   g - scarf {repulsion}
rCorr    .         Rampage  .   t - +1 pair of gloves
Will     .....                  (no boots)
Stlth    ..........             p - amulet of faith
HPRegen  0.28/turn              w - ring of wizardry
MPRegen  0.12/turn              (no ring)

@: berserking, lethally poisoned (-9 -> -9), repel missiles, very quick
A: retaliatory headbutt, horns 2
a: Renounce Religion, Wall of Briars, Grow Ballistomycete, Overgrow, Grow Oklob


You were on level 8 of the Dungeon.
You worshipped Fedhas.
Fedhas was extremely pleased with you.
You visited 1 branch of the dungeon, and saw 8 of its levels.

You collected 382 gold pieces.

Inventory:

Hand Weapons
 a - a +1 trident
 l - a +2 vorpal spear
 v - a +2 vorpal trident (weapon)
Armour
 c - a +0 kite shield (worn)
 g - a scarf of repulsion (worn)
 h - a +0 plate armour (worn)
 t - a +1 pair of gloves (worn)
Jewellery
 i - an uncursed amulet of the acrobat {unknown}
 p - an amulet of faith (around neck)
 w - a ring of wizardry (left hand)
Wands
 j - a wand of paralysis (7)
 q - a wand of iceblast (12)
 y - a wand of flame (41)
 A - a wand of polymorph (8)
Scrolls
 e - 6 scrolls of remove curse
 n - a scroll of enchant weapon
 o - 2 scrolls of enchant armour
 s - 2 scrolls of magic mapping
 B - a scroll of identify
Potions
 d - 2 potions of might
 f - 2 potions of resistance
 k - a potion of attraction
 m - 2 potions of haste
 r - a potion of cancellation
 u - a potion of ambrosia
 x - a potion of berserk rage
 z - a potion of lignification {unknown}


   Skills:
 + Level 5.3 Fighting
 - Level 14.0 Polearms
 + Level 5.4 Armour
 + Level 3.3 Dodging
 - Level 3.6 Shields
 * Level 4.5 Invocations


You had 8 spell levels left.
You didn't know any spells.
Your spell library was empty.

Dungeon Overview and Level Annotations

Branches:
Dungeon (8/15)             Temple (0/1) D:4            Lair (0/6) D:8

Altars:
Ashenzari
Cheibriados
Fedhas
Gozag
Kikubaaqudgha
Nemelex Xobeh
Ru
Sif Muna
Vehumet
Yredelemnul
Zin
The Shining One

Shops:
D:5 [


Innate Abilities, Weirdness & Mutations

You reflexively headbutt those who attack you in melee.
You have a pair of horns on your head.


Message History

You hit the worker ant.
You kill the worker ant!
Fedhas accepts your kill.
You feel sick.
You feel sick.
The two-headed ogre hits you with a +0 giant spiked club!
* * * LOW HITPOINT WARNING * * *
You block the two-headed ogre's attack.
You feel sick.
Okay, then.
It was a potion of degeneration.
There was something very wrong with that liquid.
You feel weakened.
You feel dopey.
You feel clumsy.
You feel sick.
It was a potion of berserk rage.
A red film seems to cover your vision as you go berserk!
You feel yourself moving faster!
You feel mighty!
You feel sick.
The two-headed ogre hits you with a +0 giant spiked club!
You die...
Fedhas appreciates your contribution to the ecosystem.

#.........(.#.#....
###<....(..(.....
#..........#..... #
..###..##)(..##...###
.[.........#.###.#.# #
#.###...###........###
.##.##..### #........#..
.......[.# #...........
.......@.####...........
.......O................
.#..................###.
....(...............#...
##........###)[.........
####....## #.).........
+.....# #...........
#.....#######.##.....
##......## #.##.....


You could see a two-headed ogre.

Vanquished Creatures
  4 yaks (D:7)
  A water moccasin (D:7)
  Edmund (D:4)
  2 sky beasts
  2 orc warriors
  3 ogres
  3 phantoms
  2 centaurs
  2 bullfrogs
  4 scorpions
  11 killer bees
  4 wights
  4 howler monkeys
  A quasit (D:6)
  A bullfrog skeleton (D:4)
  A hound (D:4)
  An orc priest (D:8)
  A centaur skeleton (D:4)
  An iguana (D:7)
  Ijyb (D:3)
  5 worker ants
  A killer bee zombie (D:8)
  A mummy (D:6)
  Robin (D:4)
  6 gnolls
  12 adders
  2 shadow imps
  A white imp (D:7)
  4 oozes
  An adder zombie (D:5)
  4 worms
  4 dart slugs
  4 leopard geckos
  19 orcs
  A ball python (D:3)
  9 giant cockroaches
  10 goblins
  9 hobgoblins
  3 jackals (D:4)
  6 quokkas
  5 bats
  3 frilled lizards
  16 kobolds
  A leopard gecko zombie (D:6)
  5 rats
183 creatures vanquished.

Vanquished Creatures (collateral kills)
  An adder (D:3)
  A leopard gecko (D:3)
2 creatures vanquished.

Grand Total: 185 creatures vanquished

Notes
Turn   | Place    | Note
-------+----------+-------------------------------------------
     0 | D:1      | raph the Minotaur Fighter began the quest for the Orb.
     0 | D:1      | Reached XP level 1. HP: 19/19 MP: 0/0
    56 | D:1      | Reached skill level 3 in Polearms
   119 | D:1      | Reached XP level 2. HP: 25/26 MP: 1/1
   454 | D:1      | Reached skill level 4 in Polearms
   588 | D:1      | Reached XP level 3. HP: 31/31 MP: 2/2
   969 | D:2      | Found a faded altar of an unknown god.
  1039 | D:2      | Became a worshipper of Fedhas Madash
  1039 | D:2      | Reached * piety under Fedhas
  1067 | D:2      | You fall into a shaft and drop 1 floor!
  1203 | D:3      | Reached skill level 5 in Polearms
  1220 | D:3      | Reached XP level 4. HP: 15/39 MP: 3/3
  2283 | D:2      | Reached ** piety under Fedhas
  2293 | D:2      | Reached skill level 6 in Polearms
  2641 | D:3      | Reached XP level 5. HP: 40/45 MP: 4/4
  3145 | D:4      | Found a glowing golden altar of the Shining One.
  3172 | D:4      | Noticed a phantom
  3198 | D:4      | Noticed Ijyb
  3203 | D:4      | Killed a phantom
  3204 | D:4      | Reached skill level 7 in Polearms
  3223 | D:3      | Killed Ijyb
  3224 | D:3      | Reached XP level 6. HP: 42/51 MP: 1/5
  3289 | D:4      | Found a staircase to the Ecumenical Temple.
  3308 | D:4      | Noticed Robin
  3327 | D:4      | Killed Robin
  3328 | D:4      | Reached skill level 8 in Polearms
  3507 | D:4      | Noticed Edmund
  3522 | D:4      | Killed Edmund
  3538 | D:4      | Reached skill level 9 in Polearms
  3604 | D:4      | Reached XP level 7. HP: 38/57 MP: 6/6
  3877 | D:4      | Found an opulent altar of Gozag.
  4118 | D:5      | Entered Level 5 of the Dungeon
  4128 | D:5      | Reached *** piety under Fedhas
  4129 | D:5      | Reached skill level 10 in Polearms
  4540 | D:5      | Found a sparkling altar of Nemelex Xobeh.
  4543 | D:5      | Found a shimmering blue altar of Sif Muna.
  4641 | D:5      | Reached skill level 11 in Polearms
  4641 | D:5      | Reached XP level 8. HP: 30/64 MP: 7/7
  4891 | D:5      | Found a sacrificial altar of Ru.
  5040 | D:5      | Found Donyir's Antique Armour Shop.
  5874 | D:6      | Reached skill level 12 in Polearms
  5980 | D:6      | Found a radiant altar of Vehumet.
  6079 | D:6      | Found a radiant altar of Vehumet.
  6114 | D:6      | Found a snail-covered altar of Cheibriados.
  6369 | D:6      | Reached **** piety under Fedhas
  6885 | D:7      | Reached skill level 13 in Polearms
  6898 | D:7      | Reached XP level 9. HP: 11/70 MP: 4/8
  6902 | D:7      | HP: 2/70 [centaur/arrow (9)]
  7168 | D:7      | Reached skill level 14 in Polearms
  7196 | D:7      | Reached skill level 1 in Invocations
  7231 | D:7      | Reached skill level 1 in Dodging
  8327 | D:8      | Reached skill level 5 in Armour
  8339 | D:8      | Reached ***** piety under Fedhas
  8340 | D:8      | Reached skill level 5 in Fighting
  8551 | D:8      | Found a staircase to the Lair.
  8587 | D:8      | Found an ancient bone altar of Kikubaaqudgha.
  8587 | D:8      | Found a glowing silver altar of Zin.
  8588 | D:8      | Found a broken altar of Ashenzari.
  8615 | D:8      | Found a basalt altar of Yredelemnul.
  8708 | D:8      | Noticed a two-headed ogre
  8747 | D:8      | HP: 3/74 [poisoned by a worker ant]
  8753 | D:8      | HP: 5/111 [poisoned by a worker ant]
  8753 | D:8      | Mangled by a two-headed ogre

Illustrated notes

Levels and vault maps discovered:
D:1:      lightli_arrival_noodles, layout_basic
D:2:      layout_basic, chequers_ecumenical_altar_simple
D:3:      lemuel_upstairs_altar, layout_loops_cross
D:4:      layout_rooms, marbit_many_paths, kennysheep_little_box,
          minmay_temple_entry_trees, uniq_edmund, uniq_robin, uniq_ijyb
D:5:      layout_gridville, minitemple, serial_shops, nicolae_shop_behind_doors,
          nicolae_ru_path_of_blood
D:6:      layout_gridville, old_standard_altar, slow_altar_1,
          vehumet_altar_wand_db
D:7:      layout_basic, columned_hall_lemuel
D:8:      layout_rooms, regret_index_temple_of_mockery,
          nicolae_overflow_quartered_altars, dpeg_oklobed_lair

Skill      XL: |  1  2  3  4  5  6  7  8  9 |
---------------+----------------------------+-----
Polearms       | 3 4 5 6 7 9 11 13 14 | 14.0
Invocations    | 4 |  4.5
Armour         | 5 |  5.4
Dodging        | 3 |  3.3
Fighting       | 5 |  5.3
Shields        | |  3.6

Action                   |  1- 3 |  4- 6 |  7- 9 || total
-------------------------+-------+-------+-------++-------
Melee: Trident           |    95 |    32 |   257 ||   384
       Headbutt          |    13 |    21 |    55 ||    89
       Spear             |       |   110 |   151 ||   261
Invok: Wall of Briars    |       |     1 |     2 ||     3
  Use: Scroll            |       |     9 |    10 ||    19
       Potion            |       |       |     5 ||     5
Armor: Scale mail        |    22 |     1 |       ||    23
       Plate armour      |       |    44 |   115 ||   159
Dodge: Dodged            |    15 |    13 |    39 ||    67
Block: Kite shield       |    33 |    36 |    99 ||   168
